 Dungeon Crawl Stone Soup version 0.31-a0-165-g3f4f80340b (webtiles) character file.

Game seed: 1234182179384216118

459 qw the Shooter (level 7, -3/43 HPs)
             Began as a Gargoyle Hunter on June 13, 2023.
             Slain by a bullfrog (5 damage)
             ... in a sewer.
             The game lasted 00:01:19 (2188 turns).

qw the Shooter (Gargoyle Hunter)                    Turns: 2188, Time: 00:01:19

Health: -3/43      AC:  9    Str: 14    XL:     7   Next: 6%
Magic:  7/7        EV: 17    Int: 10    God:
Gold:   187        SH:  0    Dex: 15    Spells: 6/6 levels left

rFire   . . .        Y - +0 shortbow
rCold   . . .        (shield currently unavailable)
rNeg    + . .        c - +0 leather armour
rPois   inf          (no helmet)
rElec   +            (no cloak)
rCorr   .            b - +1 pair of gloves {Stlth+}
SInv    .            (no boots)
Will    +....        (no amulet)
Stlth   +++          i - +5 ring of evasion
HPRegen 0.27/turn    a - ring of willpower
MPRegen 0.10/turn

%: no passive effects
@: no status effects
A: sickness immunity, AC +4, negative energy resistance 1, electricity
resistance, torment resistance 1, petrification resistance
a: no special abilities


You were in a sewer.
You visited 1 branch of the dungeon, and saw 3 of its levels.
You also visited: Sewer.

You collected 187 gold pieces.


Innate Abilities, Weirdness & Mutations

You are immune to sickness and miasma.
Your stone body is resilient. (AC +4)
You are immune to poison.
You resist negative energy. (rN+)
You are resistant to electric shocks. (rElec)
You are resistant to unholy torment.
You are immune to petrification.


   Skills:
 - Level 4.0 Fighting
 + Level 7.0 Ranged Weapons
 - Level 1.0 Armour
 - Level 2.5 Dodging
 - Level 1.1 Stealth


You had 6 spell levels left.
You didn't know any spells.
Your spell library was empty.

Inventory:

Hand Weapons
 Y - a +0 shortbow (weapon)
Armour
 b - a +1 pair of gloves of stealth (worn)
 c - a +0 leather armour (worn)
Jewellery
 a - a ring of willpower (right hand)
 i - a +5 ring of evasion (left hand)
Scrolls
 g - a scroll of identify
Potions
 d - a potion of brilliance {unknown}
 f - a potion of mutation {unknown}
 h - a potion of curing
 j - a potion of berserk rage {unknown}
 k - a potion of might {unknown}

Dungeon Overview and Level Annotations

Branches:
Dungeon (3/15)              Sewer (1/1)

Altars:


Message History

You shoot an arrow. The arrow hits the bullfrog!
The bullfrog is almost dead.
The bullfrog barely misses you. The bullfrog closely misses you.
You shoot an arrow. The arrow hits the bullfrog.
You kill the bullfrog!
The bullfrog completely misses you.
The bullfrog hits you but does no damage.
Your Dodging skill increases to level 2!
You have reached level 7!
You shoot an arrow. The arrow closely misses the bullfrog.
The bullfrog misses you. The bullfrog completely misses you.
You shoot an arrow.
The arrow hits the bullfrog but does no damage.
The bullfrog barely misses you.
You shoot an arrow. The arrow hits the bullfrog.
The bullfrog is lightly wounded.
The bullfrog misses you. The bullfrog barely misses you.
You shoot an arrow. The arrow closely misses the bullfrog.
The bullfrog barely misses you. x2
You shoot an arrow. The arrow hits the bullfrog.
The bullfrog is lightly wounded.
The bullfrog hits you but does no damage.
You shoot an arrow. The arrow barely misses the bullfrog.
The bullfrog hits you but does no damage. x2
You shoot an arrow. The arrow closely misses the bullfrog.
The bullfrog closely misses you.
You shoot an arrow. The arrow closely misses the bullfrog.
The bullfrog misses you. x2
You shoot an arrow. The arrow closely misses the bullfrog.
The bullfrog misses you. The bullfrog closely misses you.
You shoot an arrow. The arrow hits the bullfrog.
The bullfrog is moderately wounded.
The bullfrog hits you but does no damage.
You shoot an arrow. The arrow hits the bullfrog.
The bullfrog is heavily wounded.
The bullfrog barely misses you. The bullfrog closely misses you.
You shoot an arrow. The arrow hits the bullfrog.
The bullfrog is heavily wounded.
The bullfrog hits you! The bullfrog hits you.
You die...

#~~~~~~#####
#~~~~~
#~~~~~~#
#~~~~~
#~~~~~~#
#~~~~~
#~~~~~~#
#~~~~~
#~~~~~~#
#~~~~~
#~#~~~~#
#~~.~.
#~~#~~~#
#~~...
#~.%~~~#
##~...
#~@%~~~#
#~~~~~
#F~~~~~#
#~~~~~
#~#~~~~#
#~~~~~
#~~~~~~#
#~~~~~
#~~~~~~#
#~~~~~
#~~~~~~#
#~~~~~
#~~~~~~#
#~~~~~ ##
~.~## ##~~~.
..S. #.....


You could see a bullfrog.

Vanquished Creatures
  Sigmund (D:2)
  A bullfrog (Sewer)
  6 river rats
  9 adders
  3 worms (D:2)
  2 dart slugs (D:1)
  5 endoplasms
  6 giant cockroaches
  4 hobgoblins
  2 jackals (D:2)
  A quokka (D:2)
  21 ball pythons
  5 bats
  2 frilled lizards (D:2)
  3 goblins (D:1)
  2 kobolds (D:1)
  32 rats
105 creatures vanquished.

Notes
Turn   | Place    | Note
-------+----------+-------------------------------------------
     0 | D:1      | qw the Gargoyle Hunter began the quest for the Orb.
     0 | D:1      | Reached XP level 1. HP: 12/12 MP: 1/1
     0 | D:1      | 0 ||| qw: Version: 0.2-a-29-gc1b59c4
     0 | D:1      | 0 ||| qw: Game counter: 4797
     0 | D:1      | 0 ||| qw: Always use a shield: true
     0 | D:1      | 0 ||| qw: God list: Okawaru
     0 | D:1      | 0 ||| qw: Allow faded altars: false
     0 | D:1      | 0 ||| qw: Do Orc after D:15 true
     0 | D:1      | 0 ||| qw: Do second Lair branch before Depths: true
     0 | D:1      | 0 ||| qw: Lair rune preference: random
     0 | D:1      | 0 ||| qw: Plans: Normal, Zot:1-4, Slime:5, God:TSO, Crypt,
                  | Tomb, Abyss, Pan, Hells, Win
     0 | D:1      | 0 ||| PLANNING D:1-11
   177 | D:1      | Reached XP level 2. HP: 5/17 MP: 2/2
   178 | D:1      | HP: 2/17 [hobgoblin (4)]
   662 | D:1      | Reached XP level 3. HP: 21/21 MP: 3/3
   675 | D:1      | 675 ||| UPGRADING to +5 ring of evasion.
   676 | D:1      | 676 ||| READING scroll labelled VURULE WUINIO.
   677 | D:1      | 677 ||| READING scroll labelled SEMNAQO SIAFE.
   694 | D:1      | 694 ||| READING scroll labelled WINA PEMPAET.
   695 | D:1      | 695 ||| READING scroll labelled PAUKHL KISOEMIE.
   696 | D:1      | 696 ||| DRINKING 2 coppery potions.
   697 | D:1      | 697 ||| DROPPING scroll of butterflies.
   716 | D:2      | Reached skill level 5 in Ranged Weapons
   880 | D:2      | Reached skill level 3 in Fighting
   880 | D:2      | Reached XP level 4. HP: 26/28 MP: 4/4
  1304 | D:2      | 1304 ||| UPGRADING to +1 pair of gloves of stealth.
  1309 | D:2      | 1309 ||| UPGRADING to ring of willpower.
  1310 | D:2      | 1310 ||| READING scroll labelled VOONWA AMUMPIE.
  1440 | D:2      | Noticed Sigmund
  1454 | D:2      | Killed Sigmund
  1455 | D:2      | Reached skill level 6 in Ranged Weapons
  1455 | D:2      | Reached XP level 5. HP: 22/32 MP: 5/5
  1455 | D:2      | Reached XP level 6. HP: 26/37 MP: 6/6
  1593 | D:2      | Reached skill level 1 in Armour
  1727 | D:3      | 1727 ||| PLANNING SEWER
  1782 | D:3      | Found a glowing drain.
  1800 | Sewer    | Entered a sewer
  1961 | Sewer    | 1961 ||| Stepping ~*~*~tactically~*~*~ (water).
  2019 | Sewer    | 2019 ||| Stepping ~*~*~tactically~*~*~ (water).
  2025 | Sewer    | 2025 ||| Stepping ~*~*~tactically~*~*~ (water).
  2027 | Sewer    | 2027 ||| Stepping ~*~*~tactically~*~*~ (water).
  2029 | Sewer    | 2029 ||| Stepping ~*~*~tactically~*~*~ (water).
  2031 | Sewer    | 2031 ||| Stepping ~*~*~tactically~*~*~ (water).
  2033 | Sewer    | 2033 ||| Stepping ~*~*~tactically~*~*~ (water).
  2035 | Sewer    | 2035 ||| Stepping ~*~*~tactically~*~*~ (water).
  2046 | Sewer    | Reached skill level 7 in Ranged Weapons
  2140 | Sewer    | 2140 ||| Stepping ~*~*~tactically~*~*~ (water).
  2142 | Sewer    | 2142 ||| Stepping ~*~*~tactically~*~*~ (water).
  2144 | Sewer    | 2144 ||| Stepping ~*~*~tactically~*~*~ (water).
  2157 | Sewer    | HP: 5/38 [bullfrog (5)]
  2158 | Sewer    | 2158 ||| DRINKING 2 potions of heal wounds.
  2160 | Sewer    | 2160 ||| DRINKING potion of heal wounds.
  2173 | Sewer    | HP: 7/38 [bullfrog (3)]
  2177 | Sewer    | Reached XP level 7. HP: 5/43 MP: 7/7
  2188 | Sewer    | HP: 2/43 [bullfrog (7)]
  2188 | Sewer    | Slain by a bullfrog

Levels and vault maps discovered:
D:1:      mrwooster_arrival_statue_2, layout_basic, minmay_stone_trees_small,
          minmay_vboxes
D:2:      kb_forest_paths, layout_rooms, serial_forest, infiniplex_forest_end_2,
          infiniplex_forest_end_3, infiniplex_forest_straight_4,
          infiniplex_forest_end_3, infiniplex_forest_clump_curved,
          infiniplex_forest_corner_1, grunt_ministairs_9, uniq_sigmund
D:3:      mumra_celtic_spiral_tile, layout_rooms, general_overflow_altar,
          shapermc_ecumenical_altar_notcrosses, portal_sewer_entry_b,
          minmay_misc_feat_doors, guppyfry_early_orc_mine
Sewer:    sewer_minmay_w

Skill      XL: |  1  2  3  4  5  6 |
---------------+-------------------+-----
Ranged Weapons | 5 6 7 |  7.0
Fighting       | 3 4 |  4.0
Armour         | 1 |  1.0
Dodging        | 2 |  2.5
Stealth        | |  1.1

Action                     |  1- 3 |  4- 6 |  7- 9 || total
---------------------------+-------+-------+-------++-------
   Fire: Shortbow          |   113 |   270 |    12 ||   395
    Use: Scroll            |     4 |     1 |       ||     5
         Potion            |     1 |     2 |       ||     3
 Armour: Leather armour    |    30 |    57 |     4 ||    91
  Dodge: Dodged            |    69 |   238 |    14 ||   321

Table legend:
 A = Non-vault XP
 B = Vault XP
 C = Vault XP percentage of total XP
 D = Non-vault monster count
 E = Vault monster count
 F = Vault count percentage of total count
                 A         B        C        D         E       F
            +---------+---------+-------+---------+---------+-------
      Total |      97 |     559 |  85.2 |      32 |      73 |  69.5
            +---------+---------+-------+---------+---------+-------
        D:1 |      27 |       8 |  22.9 |      14 |       6 |  30.0
        D:2 |      70 |     267 |  79.2 |      18 |       9 |  33.3
        D:3 |       0 |      43 | 100.0 |       0 |       5 | 100.0
      Sewer |       0 |     241 | 100.0 |       0 |      53 | 100.0
            +---------+---------+-------+---------+---------+-------
